 Dungeon Crawl Stone Soup version 0.32-a0-898-g7811c86cf0 (webtiles) character file.

Game seed: 16949134963092502591

84 BubbleThief the Sneak (level 4, -1/30 HPs)
             Began as a Vampire Enchanter on Apr 4, 2024.
             Slain by Grinder (5 damage)
             ... on level 3 of the Dungeon.
             The game lasted 00:02:55 (1846 turns).

BubbleThief the Sneak (Vampire Enchanter)           Turns: 1846, Time: 00:02:55

Health: -1/30      AC:  2    Str:  7    XL:     4   Next: 24%
Magic:  4/7        EV: 11    Int: 17    God:
Gold:   111        SH:  0    Dex: 16    Spells: 2/7 levels left

rFire   . . .        a - +1 dagger
rCold   . . .        (no shield)
rNeg    . . .        b - +0 robe
rPois   .            (no helmet)
rElec   .            (no cloak)
rCorr   .            (no gloves)
SInv    +            (no boots)
Will    .....        (no amulet)
Stlth   +++          (no ring)
HPRegen 0.45/turn    (no ring)
MPRegen 0.10/turn

%: no passive effects
@: confusing by touch, healing quickly
A: alive, fangs 3, see invisible, vampiric 2
a: Exsanguinate


You were on level 3 of the Dungeon.
You visited 1 branch of the dungeon, and saw 3 of its levels.

You collected 111 gold pieces.

Inventory:

Hand Weapons
 a - a +1 dagger (weapon)
Armour
 b - a +0 robe (worn)
 e - a +0 buckler
Jewellery
 m - a ring of flight
Wands
 n - a wand of flame (16)
Scrolls
 d - 2 scrolls of noise {unknown}
 f - 3 scrolls of identify {unknown}
 g - a scroll of revelation {unknown}
 j - a scroll of vulnerability {unknown}
 k - a scroll of silence {unknown}
Potions
 c - 2 potions of invisibility
 h - a potion of haste {unknown}
 i - 2 potions of enlightenment {unknown}
 l - a potion of brilliance {unknown}


   Skills:
 + Level 2.1 Short Blades
 - Level 2.1 Dodging
 * Level 6.0 Stealth
 - Level 2.0 Spellcasting
 * Level 5.9 Hexes


You had 2 spell levels left.
You knew the following spells:

 Your Spells              Type           Power      Damage    Failure   Level
a - Ensorcelled Hibernat  Hex/Ice        22%        N/A       9%          2
b - Confusing Touch       Hex            21%        N/A       5%          3

Your spell library contained the following spells:

 Spells                   Type           Power      Damage    Failure   Level
 Tukima's Dance           Hex            21%        N/A       5%          3
 Dazzling Flash           Conj/Hex       22%        N/A       17%         3
 Summon Mana Viper        Hex/Summ       11%        N/A       85%         5
 Summon Forest            Summ/Tloc      0%         N/A       99%         5
 Summon Cactus Giant      Summ           0%         N/A       100%        6


Dungeon Overview and Level Annotations

Branches:
Dungeon (3/15)

Altars:

Annotations:
D:3 Grinder


Innate Abilities, Weirdness & Mutations

Your natural rate of healing is accelerated.
You have razor-sharp teeth.
You have supernaturally acute eyesight. (SInv)
You are afflicted with vampirism and can become a bat while bloodless.


Message History

Your Short Blades skill increases to level 2!
HP restored.
You now have 90 gold pieces (gained 12).
Found an escape hatch in the ceiling.
You now have 99 gold pieces (gained 9).
Found a stone staircase leading up.
There is a stone staircase leading down here.
d - 2 scrolls labelled NYZESI BICOSS (gained 1)
You now have 111 gold pieces (gained 12).
m - a ring of flight Terence the Incautious comes into view.
He is wielding a +0 trident and carrying a wand of flame.
Terence is nearby!
The helpless Terence fails to defend himself.
You impale Terence!!
You kill Terence!
Your Stealth skill increases to level 6!
You have reached level 4!
n - a wand of flame (16)
Things that are here:
a +0 trident; a +0 scale mail; the human corpse of Terence Grinder comes into view.
Grinder is nearby!
Things that are here:
a +0 trident; a +0 scale mail; the human corpse of Terence
Found a lead wand.
Grinder shouts!
Casting: Ensorcelled Hibernation (safe; 9% risk of failure)
Confirm with . or Enter, or press ? or * to list all spells.
Your hands begin to glow red.
You hit Grinder but do no damage. Your bite misses Grinder.
Grinder blinks!
You hit Grinder but do no damage. Grinder hits you!
You writhe in agony.
You hit Grinder but do no damage. You barely miss Grinder. Grinder hits you!
You writhe in agony.
* * * LOW HITPOINT WARNING * * *
You are too injured to fight recklessly!
You completely miss Grinder. Grinder hits you.
* * * LOW HITPOINT WARNING * * *
You writhe in agony.
You die...
Grinder says, "Now the real fun starts!"

######
###############.....
#...................
#...5...............
######..@............####
........######..........#
........# #..........#
......... #..........#
...../...## #...........
.............######......
.................).......
#.#############.#########
#. #.#


You could see Grinder.

Vanquished Creatures
  Terence (D:3)
  An adder (D:2)
  A ribbon worm (D:3)
  2 dart slugs (D:1)
  3 orcs (D:3)
  3 endoplasms
  3 giant cockroaches (D:1)
  4 goblins
  2 hobgoblins
  4 jackals (D:1)
  A quokka (D:2)
  4 ball pythons
  3 bats (D:1)
  A frilled lizard (D:1)
  6 rats
39 creatures vanquished.

Notes
Turn   | Place    | Note
-------+----------+-------------------------------------------
     0 | D:1      | BubbleThief the Vampire Enchanter began the quest for the
                  | Orb.
     0 | D:1      | Reached XP level 1. HP: 13/13 MP: 3/3
   109 | D:1      | Reached XP level 2. HP: 14/19 MP: 5/5
   163 | D:1      | Reached skill level 5 in Stealth
   212 | D:1      | Reached skill level 5 in Hexes
   497 | D:1      | Gained mutation: You are afflicted with vampirism and can
                  | become a bat while bloodless. [Vampire growth]
   497 | D:1      | Reached XP level 3. HP: 24/24 MP: 6/6
   615 | D:2      | Found a faded altar of an unknown god.
  1496 | D:2      | Learned a level 2 spell: Ensorcelled Hibernation
  1500 | D:2      | Learned a level 3 spell: Confusing Touch
  1807 | D:3      | Noticed Terence
  1818 | D:3      | Killed Terence
  1819 | D:3      | Reached skill level 6 in Stealth
  1819 | D:3      | Reached XP level 4. HP: 30/30 MP: 7/7
  1822 | D:3      | Noticed Grinder
  1846 | D:3      | Slain by Grinder

Illustrated notes

Levels and vault maps discovered:
D:1:      wander_arrival_peaceful_grave, layout_rooms
D:2:      layout_loops_ring, dreamdust_ecumenical_altar_statues,
          kennysheep_donut
D:3:      layout_basic, roderic_lattice_a, uniq_grinder, uniq_terence

Skill      XL: |  1  2  3 |
---------------+----------+-----
Stealth        | 5 6 |  6.0
Hexes          | 5 |  5.9
Short Blades   | 2 |  2.1
Dodging        | |  2.1
Spellcasting   | |  2.0

Action                     |  1- 3 |  4- 6 || total
---------------------------+-------+-------++-------
  Melee: Dagger            |   130 |     5 ||   135
         Bite              |     8 |       ||     8
   Cast: Ensorcelled Hiber |     6 |       ||     6
         Confusing Touch   |       |     1 ||     1
   Stab: Sleeping          |    12 |       ||    12
 Armour: Robe              |    70 |     3 ||    73
  Dodge: Dodged            |    90 |       ||    90

Table legend: (Time is in decaauts)
 A = Elapsed time spent in this place.
 B = Non-inter-level travel time spent in this place.
 C = Inter-level travel time spent in this place.
 D = Time resting spent in this place.
 E = Time spent auto-exploring this place.
 F = Levels seen in this place.
 G = Mean time per level.
                   A        B        C        D        E       F      G
               +--------+--------+--------+--------+--------+-----+--------+
         Total |   1837 |   1746 |     91 |     53 |   1294 |   3 |  612.3 |
       Dungeon |   1837 |   1746 |     91 |     53 |   1294 |   3 |  612.3 |
               +--------+--------+--------+--------+--------+-----+--------+

Top non-repeatable levels by time:
     D:2: 842 daAuts
     D:1: 597 daAuts
     D:3: 397 daAuts
